AoeStats
← RoR | Vodka_L_2

Arabia

510550018Analyzed
1v1 RM · 15h ago on Oct 1, 2026· 34m 0s· 2 players
Game mode
Random Map
Map size
Tiny (2 player)
Population
200
Speed
Normal
Resources
Standard
Victory
Conquest
Starting age
Dark Age
Ending age
Imperial Age
RankedLock teamsTeams togetherTeam positionsShared explorationLock speedFull tech treeHidden civsTurbo modeCheats
Victory
Defeat
🇮🇹 Koreans · Italy
2522
+14
🇻🇳 Britons · Vietnam
2486
-14
Mr.Bean
6:14 Loom
8:27 Feudal Age
9:05 Double-Bit Axe
10:19 Horse Collar
14:15 Fletching
20:24 Castle Age
19:10 Gold Mining
20:33 Padded Archer Armor
20:40 Elite Skirmisher
21:10 Town Watch
21:28 Bodkin Arrow
22:31 Wheelbarrow
23:03 Ballistics
22:59 Leather Archer Armor
23:53 Bow Saw
28:36 Scale Barding Armor
30:50 Chain Barding Armor
31:59 Forging
RoR | Vodka_L_2
6:38 Loom
8:45 Feudal Age
9:20 Double-Bit Axe
11:07 Horse Collar
14:51 Fletching
20:23 Castle Age
18:41 Gold Mining
21:20 Bow Saw
20:32 Elite Skirmisher
21:07 Bodkin Arrow
22:32 Town Watch
23:30 Wheelbarrow
24:23 Ballistics
33:53 Imperial Age
31:31 Scale Mail Armor
31:32 Squires
32:37 Chain Mail Armor
33:27 Forging
34:37 Bracer
Connection lost

Rejoining the realm…

Still unreachable

The connection could not be restored.

Session expired

The server has moved on; the page needs a fresh start.